 Dungeon Crawl Stone Soup version 0.27-a0-1347-gd8886f0a89 (webtiles) character file.

Game seed: 13428453428285761756

71 Brandom the Sneak (level 4, -4/37 HPs)
             Began as a Human Delver on June 27, 2021.
             Slain by a gnoll (13 damage)
             ... on level 3 of the Dungeon.
             The game lasted 00:06:01 (3393 turns).

Brandom the Sneak (Human Delver)                    Turns: 3393, Time: 00:06:01

Health: -4/37      AC:  3    Str: 13    XL:     4   Next: 47%
Magic:  0/4        EV: 12    Int: 11    God:
Gold:   94         SH:  0    Dex: 14    Spells: 3/3 levels left

rFire    . . .     SeeInvis .   a - +0 mace
rCold    . . .     Faith    .   (no shield)
rNeg     . . .     Spirit   +   b - +0 leather armour
rPois    .         Reflect  .   (no helmet)
rElec    .         Harm     .   (no cloak)
rCorr    .         Rampage  .   (no gloves)
Will     .....                  (no boots)
Stlth    +++.......             n - amulet of guardian spirit
HPRegen  0.12/turn              (no ring)
MPRegen  0.09/turn              (no ring)

@: no status effects
A: no striking features
a: no special abilities


You were on level 3 of the Dungeon.
You visited 1 branch of the dungeon, and saw 5 of its levels.

You collected 94 gold pieces.

Inventory:

Hand Weapons
 a - a +0 mace (weapon)
Armour
 b - a +0 leather armour (worn)
Jewellery
 n - an amulet of guardian spirit (around neck)
   (You found it on level 2 of the Dungeon)
Wands
 v - a wand of digging (3)
Scrolls
 c - a scroll of fog
 d - 2 scrolls of magic mapping
 e - a scroll of fear
 g - 3 scrolls of identify {unknown}
 h - a scroll of teleportation {unknown}
 i - a scroll of noise {unknown}
 m - a scroll of torment {unknown}
 o - a scroll of brand weapon {unknown}
Potions
 f - a potion of haste {@q3}
 j - a potion of curing {unknown}
 k - a potion of resistance {unknown}
 l - a potion of magic {unknown}


   Skills:
 * Level 3.7 Fighting
 * Level 2.9 Maces & Flails
 + Level 1.3 Armour
 + Level 2.4 Dodging
 - Level 5.0 Stealth


You had 3 spell levels left.
You didn't know any spells.
Your spell library was empty.

Dungeon Overview and Level Annotations

Branches:
Dungeon (5/15)
 Temple: D:4-7

Altars:
Okawaru

Shops:
D:2 [


Message History

There is an open door here.
Found 12 gold pieces.
Found 11 gold pieces.
A jackal comes into view.
A jackal is nearby! 3 gnolls come into view.
The gnoll shouts!
The jackal barks!
The gnoll shouts!
A jackal comes into view.
You hear a bark! x2
A jackal comes into view.
The jackal moves out of view.
You see here 12 gold pieces.
A jackal comes into view.
The gnoll hits you with a +0 whip. The jackal barely misses you.
You see here 12 gold pieces.
The jackal bites you.
The jackal bites you but does no damage.
You barely miss the jackal. The jackal barely misses you.
You closely miss the jackal. The jackal barely misses you. x2
You hit the jackal.
You kill the jackal!
The jackal closely misses you.
You barely miss the jackal. The jackal closely misses you.
The jackal bites you.
You closely miss the jackal. The jackal closely misses you.
You hit the jackal. The jackal misses you. The jackal bites you.
You closely miss the jackal.
The jackal bites you but does no damage.
A ball python comes into view.
The jackal bites you but does no damage.
You miss the jackal. The jackal barely misses you.
The ball python hisses angrily.
You hit the jackal.
You kill the jackal!
A gnoll comes into view.
It is wielding a +0 spear and quivering poisoned darts.
The jackal misses you.
You closely miss the jackal. The jackal closely misses you. x2
You barely miss the jackal. The jackal barely misses you.
The gnoll hits you from afar with a +0 halberd!
You hit the jackal. The jackal misses you.
The gnoll hits you from afar with a +0 halberd.
The jackal bites you but does no damage.
You barely miss the jackal. The jackal bites you.
* * * LOW HITPOINT WARNING * * *
The gnoll hits you from afar with a +0 halberd!
* * * LOW HITPOINT WARNING * * *
The jackal closely misses you.
The gnoll hits you from afar with a +0 halberd!
You die...

#### ..# #.# #########
#####g###.......#########
.##$...ggh@.###............
......hS######.....########
.##.##..### ##...##
.h.....g..# ##.##
######.##.# #.# #g #.# #.#
#. #.# ##'## .. #.# ##...##
####.# ##.....##


You could see 3 gnolls, 2 jackals and a ball python.

Vanquished Creatures
  2 worms (D:2)
  5 dart slugs
  2 orcs
  2 bats
  2 endoplasms
  A giant cockroach (D:3)
  6 hobgoblins
  13 jackals
  3 ball pythons
  2 frilled lizards
  3 goblins
  2 kobolds
  6 rats
49 creatures vanquished.

Notes
Turn   | Place    | Note
-------+----------+-------------------------------------------
     0 | D:5      | Brandom the Human Delver began the quest for the Orb.
     0 | D:5      | Reached XP level 1. HP: 18/18 MP: 1/1
   116 | D:5      | Found an iron altar of Okawaru.
   246 | D:3      | Reached XP level 2. HP: 24/24 MP: 2/2
   728 | D:2      | Reached XP level 3. HP: 21/29 MP: 3/3
   895 | D:2      | Found Jiruiwom's Antique Armour Shop.
  1525 | D:1      | Reached skill level 1 in Armour
  1808 | D:1      | Reached XP level 4. HP: 22/36 MP: 4/4
  2108 | D:1      | Noticed a black mamba
  2108 | D:1      | Noticed a redback
  2108 | D:1      | Noticed a swamp drake
  2109 | D:1      | Noticed a polar bear
  3393 | D:3      | Slain by a gnoll

Illustrated notes

Levels and vault maps discovered:
D:1:      onia_arrival_zoo_common, layout_loops_ring, st_stairs_7,
          minmay_tripent
D:2:      layout_basic, serial_shops, nicolae_shop_behind_doors,
          minmay_misc_feat_square
D:3:      layout_loops_corners, tgw_kikubaaqudgha,
          hellmonk_ecumenical_altar_inner_sanctum, uniq_terence
D:4:      layout_rooms, nicolae_tso_carved_into_rock, marbit_many_paths,
          nicolae_ashenzari_skybound, kennysheep_mini, minmay_temple_entry_fiery
D:5:      layout_basic, overflow_temple_1_default

Skill      XL: |  1  2  3 |
---------------+----------+-----
Armour         | 1 |  1.3
Fighting       | |  3.7
Maces & Flails | |  2.9
Dodging        | |  2.4
Stealth        | |  5.0

Action                   |  1- 3 |  4- 6 || total
-------------------------+-------+-------++-------
Melee: Mace              |   117 |    58 ||   175
 Stab: Sleeping          |    10 |     5 ||    15
Armor: Leather armour    |    39 |    17 ||    56
Dodge: Dodged            |   102 |    53 ||   155

Table legend: (Time is in decaauts)
 A = Elapsed time spent in this place.
 B = Non-inter-level travel time spent in this place.
 C = Inter-level travel time spent in this place.
 D = Time resting spent in this place.
 E = Time spent auto-exploring this place.
 F = Levels seen in this place.
 G = Mean time per level.
                   A        B        C        D        E       F      G
               +--------+--------+--------+--------+--------+-----+--------+
         Total |   3439 |   3356 |     83 |    194 |   2639 |   5 |  687.8 |
       Dungeon |   3439 |   3356 |     83 |    194 |   2639 |   5 |  687.8 |
               +--------+--------+--------+--------+--------+-----+--------+

Top non-repeatable levels by time:
     D:2: 1738 daAuts
     D:1: 1261 daAuts
     D:3: 223 daAuts
     D:5: 209 daAuts
     D:4: 7 daAuts
